 Dungeon Crawl Stone Soup version 0.31-a0-142-g31f6795574 (webtiles) character file.

Game seed: 7701841929372067116

5849 Ge0ff the Transmogrifier (level 10, -1/66 HPs)
             Began as an Octopode Delver on June 3, 2023.
             Was an Initiate of Gozag.
             Killed by an exploding cyclops (25 damage)
             ... ignited by their inner flame
             ... on level 10 of the Dungeon.
             The game lasted 00:31:55 (11044 turns).

Ge0ff the Transmogrifier (Octopode Delver)         Turns: 11044, Time: 00:31:55

Health: -1/66      AC:  1    Str:  6    XL:     10   Next: 80%
Magic:  17/17      EV: 13    Int: 24    God:    Gozag
Gold:   905        SH:  5    Dex: 19    Spells: 11/19 levels left

rFire   + . .        a - +2 dagger of Peace {elec, rF+ Str-5 Int+3 Dex+3}
rCold   . . .        (no shield)
rNeg    . . .        (helmet restricted)
rPois   .            p - amulet of reflection
rElec   .            R - +6 ring of intelligence
rCorr   .            (no ring)
SInv    .            (no ring)
Will    .....        (no ring)
Stlth   +++++        (no ring)
HPRegen 0.31/turn    (no ring)
MPRegen 0.15/turn    (no ring)
                     (no ring)

%: reflection
@: gold aura, studying Throwing
A: almost no armour, amphibious, 8 rings, camouflage 1, gelatinous body 1,
(nimble swimmer 1), tentacles
a: Renounce Religion, Potion Petition, Call Merchant, Bribe Branch


You were on level 10 of the Dungeon.
You worshipped Gozag.
Gozag was pleased with you.
You visited 2 branches of the dungeon, and saw 11 of its levels.
You also visited: Ossuary.

You collected 1061 gold pieces.
You paid 156 gold pieces to Gozag.

Inventory:

Hand Weapons
 a - the +2 dagger of Peace (weapon) {elec, rF+ Str-5 Int+3 Dex+3}
   (You found it on level 4 of the Dungeon)

   Str:       It affects your strength (-5).
   Int:       It affects your intelligence (+3).
   Dex:       It affects your dexterity (+3).
   rF:        It protects you from fire.
 b - a +1 short sword
 h - a +3 falchion of flaming
 C - a +0 dagger of distortion
 G - a +2 dagger of protection
 Z - a +4 quarterstaff of chaos
Missiles
 g - 3 throwing nets {=F}
 M - 7 boomerangs
 Q - 3 poisoned darts
 X - 2 boomerangs of dispersal
 Y - 4 javelins
Armour
 z - a +0 buckler
Magical Staves
 w - a staff of poison
 I - a staff of poison
Jewellery
 p - an amulet of reflection (around mantle)
 x - the amulet of Tuowk {Reflect Harm rC+ SH+5}
   (You found it on level 8 of the Dungeon)

   [amulet of reflection]

   It reflects blocked missile attacks.
   rC:        It protects you from cold.
   SH:        It affects your SH (+5).
   Harm:      It increases damage dealt and taken.
 R - a +6 ring of intelligence (left tentacle)
Wands
 d - a wand of digging (2)
 e - a wand of charming (2)
 f - a wand of flame (5)
 j - a wand of acid (7)
 r - a wand of roots (23)
 s - a wand of mindburst (19)
 P - a wand of polymorph (1)
Scrolls
 m - a scroll of magic mapping
 v - a scroll of enchant weapon
 y - 3 scrolls of immolation
 B - a scroll of blinking
 E - 3 scrolls of fear
 F - 2 scrolls of fog
 J - a scroll of silence {!r}
 S - 2 scrolls of enchant armour
 T - 10 scrolls of teleportation
 V - a scroll of vulnerability
Potions
 q - 2 potions of curing
 t - 2 potions of brilliance {unknown}
 u - a potion of invisibility {unknown}
 A - 3 potions of attraction
 D - a potion of ambrosia {unknown}
 H - 3 potions of haste {!q}
 K - a potion of might {unknown}
 L - 2 potions of magic {unknown}
 N - 3 potions of cancellation {!q}
 O - a potion of resistance {unknown}
 W - 3 potions of heal wounds {!q}
Miscellaneous
 U - a phantom mirror (inert)


   Skills:
 - Level 5.0 Fighting
 - Level 5.0 Short Blades
 - Level 2.0 Dodging
 - Level 7.0 Stealth
 - Level 5.0 Spellcasting
 + Level 9.1 Conjurations
 * Level 1.9 Hexes
 * Level 2.0 Summonings
 + Level 9.1 Transmutations
 + Level 1.4 Evocations


You had 11 spell levels left.
You knew the following spells:

 Your Spells              Type           Power      Damage    Failure   Level
f - Summon Guardian Gole  Hex/Summ       15%        N/A       12%         3
E - Irradiate             Conj/Tmut      24%        3d19      6%          5

Your spell library contained the following spells:

 Spells                   Type           Power      Damage    Failure   Level
 Shock                    Conj/Air       100%       1d9       1%          1
 Wereblood                Tmut           50%        N/A       1%          2
 Dazzling Flash           Conj/Hex       64%        N/A       2%          3
 Summon Small Mammal      Summ           60%        N/A       3%          1
 Stone Arrow              Conj/Erth      54%        3d10      4%          3
 Call Canine Familiar     Summ           15%        N/A       12%         3
 Sublimation of Blood     Necr           6%         N/A       13%         2
 Olgreb's Toxic Radiance  Pois           6%         N/A       65%         4
 Silence                  Hex/Air        5%         N/A       86%         5
 Agony                    Necr           6%         N/A       94%         5
 Spellforged Servitor     Conj/Summ      16%        N/A       100%        7
 Summon Hydra             Summ           7%         N/A       100%        7
 Discord                  Hex            7%         N/A       100%        8
 Ignition                 Fire           3%         3d4       100%        8
 Lehudib's Crystal Spear  Conj/Erth      13%        10d5      100%        8
 Animate Armour           Summ/Erth      Unusable   N/A       N/A         4

Dungeon Overview and Level Annotations

Branches:
Dungeon (10/15) Zot: 26994  Temple (1/1) D:7 Zot: 5960    Lair (0/5) D:8
    Orc (0/2) D:9         Ossuary (visited)

Altars:
Cheibriados
Dithmenos
Elyvilon
Fedhas
Gozag
Hepliaklqana
Kikubaaqudgha
Makhleb
Nemelex Xobeh
Okawaru
Qazlal
Ru
Trog
Uskayaw
Vehumet
Wu Jian
Xom
Yredelemnul
Zin
The Shining One

Shops:
D:5 *

Annotations:
D:9 1 runed translucent door


Innate Abilities, Weirdness & Mutations

You cannot wear most types of armour.
You are amphibious.
You can wear up to eight rings at the same time.
Your skin changes colour to match your surroundings (Stealth+).
Your rubbery body absorbs attacks. (AC +1, EV +1)
((You are camouflaged when in or above water. (Stealth+)))
You have tentacles for arms and can constrict up to eight enemies at once.


Message History

An eight-headed hydra, a cyclops and an orc knight come into view.
Aiming: Phantom Mirror
Press: ? - help, Dir - move target, f - cyclops
Aim: a cyclops, quivering large rocks You reflect the cyclops with the mirror!
The mirror clouds!
Really read the scroll of immolation?
As you read the scroll of immolation, it crumbles to dust.
The creatures around you are filled with an inner flame!
The orc knight shouts!
The eight-headed hydra roars!
You hear a shout!
The cyclops throws a large rock.
The large rock hits you!!!
Ouch! That really hurt!
Your cyclops hits the orc knight but does no damage.
The eight-headed hydra bites your cyclops!
Flame seeps out of your cyclops.
The eight-headed hydra bites your cyclops!
Flame seeps out of your cyclops.
The eight-headed hydra bites your cyclops!
Flame seeps out of your cyclops.
The eight-headed hydra bites your cyclops.
Flame seeps out of your cyclops.
The eight-headed hydra bites your cyclops.
Flame seeps out of your cyclops.
The eight-headed hydra bites your cyclops!
Your cyclops's corpse shimmers and vanishes!
Your cyclops explodes!
The fiery explosion engulfs the eight-headed hydra!!!
Flame seeps out of the eight-headed hydra.
The eight-headed hydra is heavily wounded.
The fiery explosion engulfs the orc knight!!!
Flame seeps out of the orc knight.
The orc knight is severely wounded.
The orc knight shouts!
The fiery explosion engulfs the cyclops!!!
Flame seeps out of the cyclops.
The cyclops is almost dead.
You hear a shout!
The orc knight is engulfed in blazing flames.
Flame seeps out of the orc knight.
You hear a roar! x2; You hear a shout!
You hear a bellow! x2; You hear a shout!
Aiming: Throw Flame
Press: ? - help, Shift-Dir - straight line, f/p - cyclops
Aim: a cyclops, quivering large rocks (flame, almost dead, inner flame, 98% to hit)
The puff of flame hits the cyclops.
The cyclops explodes!
The fiery explosion engulfs the orc knight!!
The fiery explosion engulfs the eight-headed hydra!!!
The fiery explosion engulfs you!! You resist.
You die...
Your body crumbles into a pile of gold. $$ $$$$

$ $$ $ $ $$ # #
$ $ #§ .# $
#○○#####$.#
#§§$$.$$#
#####@######
#............
#.#..########
#<.......
#..........
.............
?..##..........
+# #..........
#..........


There were no monsters in sight!

Vanquished Creatures
  A hydra (D:10)
  Pikel (D:7)
  An orc knight (D:10)
  2 cyclopes
  Psyche (D:8)
  Grinder (D:3)
  A hornet (D:9)
  A slime creature (D:8)
  A wyvern (D:9)
  2 steam dragons
  Menkaure (D:4)
  2 water moccasins
  Duvessa (D:7)
  4 orc warriors
  A black bear (D:7)
  The ghost of qborf the Chopper, an amateur MiFi (D:3)
  4 ice beasts
  A sky beast (D:6)
  2 ogres (D:4)
  A centaur (D:8)
  A lemure (D:7)
  An elf zombie (Ossuary)
  A kobold brigand (D:5)
  3 scorpions
  Dowan (D:7)
  12 killer bees
  A jelly (D:6)
  3 hounds
  5 orc priests
  2 human zombies (Ossuary)
  2 sleepcaps
  6 iguanas
  11 orc wizards
  A hound zombie (Ossuary)
  3 mummies (Ossuary)
  11 gnolls
  8 adders
  A river rat (D:6)
  A shadow imp (D:6)
  An ufetubus (D:5)
  5 adder zombies (Ossuary)
  5 worms
  5 dart slugs
  47 orcs
  4 ball pythons
  A bat zombie (D:7)
  5 endoplasms
  3 giant cockroaches
  2 gnoll zombies (Ossuary)
  5 goblins
  A hobgoblin (D:4)
  2 jackals (D:3)
  10 kobolds
  4 quokkas
  12 bats
  4 frilled lizards
  6 goblin zombies (Ossuary)
  2 hobgoblin zombies (Ossuary)
  4 jackal zombies (Ossuary)
  2 kobold zombies (Ossuary)
  2 orc zombies (Ossuary)
  4 quokka zombies (Ossuary)
  6 rats
  8 rat zombies
254 creatures vanquished.

Notes
Turn   | Place    | Note
-------+----------+-------------------------------------------
     0 | D:5      | Ge0ff the Octopode Delver began the quest for the Orb.
     0 | D:5      | Reached XP level 1. HP: 16/16 MP: 1/1
    46 | D:5      | Noticed a scorpion
    50 | D:5      | Killed a scorpion
    51 | D:5      | Reached XP level 2. HP: 4/22 MP: 2/2
    51 | D:5      | Reached XP level 3. HP: 6/27 MP: 3/3
   145 | D:5      | Reached XP level 4. HP: 26/33 MP: 4/4
   222 | D:5      | Noticed a kobold brigand
   273 | D:5      | Got the Compilation of Blasts
   332 | D:4      | Identified the +2 dagger of Peace {elec, rF+ Str-5 Int+3
                  | Dex+3}
   363 | D:4      | Noticed Menkaure
   367 | D:4      | Killed Menkaure
   368 | D:4      | Reached skill level 5 in Fighting
   368 | D:4      | Reached XP level 5. HP: 39/39 MP: 4/8
   368 | D:4      | Reached XP level 6. HP: 45/45 MP: 4/9
   390 | D:4      | Learned a level 5 spell: Irradiate
   392 | D:4      | Found a sand-covered staircase.
   411 | Ossuary  | Entered an ossuary
   558 | Ossuary  | Upgraded the game from 0.31-a0-133-gaae73658be to
                  | 0.31-a0-142-g31f6795574
   645 | Ossuary  | Reached skill level 1 in Transmutations
   739 | Ossuary  | Reached skill level 1 in Conjurations
   924 | Ossuary  | Reached XP level 7. HP: 34/50 MP: 11/11
  1093 | D:3      | Found an iron altar of Okawaru.
  1508 | D:2      | Found a faded altar of an unknown god.
  1508 | D:2      | Noticed a Hell Sentinel
  3084 | D:3      | Found a transporter.
  3085 | D:3      | Found a transporter.
  3101 | D:3      | Noticed qborf's ghost (amateur MiFi)
  3138 | D:3      | Noticed Grinder
  3155 | D:3      | Killed Grinder
  3164 | D:3      | Reached XP level 8. HP: 25/55 MP: 13/13
  3943 | D:4      | Found a runed translucent door.
  3944 | D:4      | Noticed Crazy Yiuf
  3948 | D:4      | Crazy Yiuf changed into Crazy Yiuf the killer bee
  3948 | D:4      | Noticed Crazy Yiuf
  3949 | D:4      | Killed Crazy Yiuf the killer bee
  4528 | D:5      | Found Pyfaoc's Overcharged Wands.
  5746 | D:5      | Found a glowing silver altar of Zin.
  6016 | D:6      | Noticed Edmund
  6034 | D:6      | Edmund changed into Edmund the river rat
  6034 | D:6      | Noticed Edmund
  6039 | D:6      | Killed Edmund the river rat
  6047 | D:6      | Found a sacrificial altar of Ru.
  6053 | D:6      | Reached skill level 5 in Conjurations
  6053 | D:6      | Reached skill level 5 in Transmutations
  6371 | D:6      | Reached XP level 9. HP: 14/61 MP: 15/15
  6990 | D:6      | Found an ornate altar of the Wu Jian Council.
  7418 | D:7      | Noticed Pikel
  7839 | D:7      | Found a staircase to the Ecumenical Temple.
  7845 | Temple   | Entered the Ecumenical Temple
  7845 | Temple   | Found a transporter.
  7845 | Temple   | Found a transporter.
  7847 | Temple   | Found a transporter.
  7847 | Temple   | Found a transporter.
  7916 | D:7      | Reached skill level 5 in Spellcasting
  8127 | D:7      | Found an opulent altar of Gozag.
  8127 | D:7      | Found a sparkling altar of Nemelex Xobeh.
  8134 | D:7      | Became a worshipper of Gozag Ym Sagoz the Greedy
  8178 | D:7      | Noticed Dowan
  8179 | D:7      | Noticed Duvessa
  8268 | D:7      | Reached skill level 5 in Short Blades
  8579 | D:8      | Noticed Psyche
  8584 | D:8      | Killed Psyche
  8646 | D:8      | Noticed a cyclops
  8662 | D:8      | Killed a cyclops
  8663 | D:8      | Reached XP level 10. HP: 14/66 MP: 1/17
  8672 | D:8      | Identified the amulet of Tuowk {Reflect Harm rC+ SH+5}
  8896 | D:8      | Found a staircase to the Lair.
  9208 | D:8      | Found a blossoming altar of Fedhas.
  9543 | D:3      | Killed qborf's ghost
  9859 | D:7      | Killed Pikel
  9863 | D:7      | Killed Dowan
  9864 | D:7      | Killed Duvessa
 10037 | D:7      | Found an ancient bone altar of Kikubaaqudgha.
 10162 | D:9      | Found a staircase to the Orcish Mines.
 10185 | D:9      | Learned a level 3 spell: Summon Guardian Golem
 10302 | D:9      | Noticed a centaur warrior
 10302 | D:9      | Noticed a manticore
 10302 | D:9      | Noticed an orc knight
 10303 | D:9      | Found a runed translucent door.
 10305 | D:9      | Identified the ring "Ruippa" {Fly MP+9 Str+5}
 10305 | D:9      | Noticed an ogre mage
 10305 | D:9      | Noticed a cyclops
 10305 | D:9      | Noticed a cyclops
 10305 | D:9      | Noticed a necromancer
 10482 | D:9      | Reached skill level 1 in Hexes
 10482 | D:9      | Reached skill level 1 in Summonings
 10593 | D:9      | Found a snail-covered altar of Cheibriados.
 10637 | D:9      | Reached skill level 1 in Evocations
 11038 | D:10     | Entered Level 10 of the Dungeon
 11041 | D:10     | Noticed an eight-headed hydra
 11041 | D:10     | Noticed a cyclops
 11041 | D:10     | Noticed an orc knight
 11044 | D:10     | Killed a cyclops
 11044 | D:10     | Killed an orc knight
 11044 | D:10     | Killed an eight-headed hydra
 11044 | D:10     | Killed by an exploding cyclops... ignited by their inner
                  | flame

Illustrated notes

Levels and vault maps discovered:
D:1:      psy_arrival_spokes, layout_basic, moated_statue
D:2:      layout_basic, dreamdust_ecumenical_altar_sealed_demon
D:3:      layout_basic, okawaru_gym_becter, gammafunk_ghost_gnarly_gnolls,
          minmay_quadrilaterals, uniq_grinder
D:4:      layout_cave_pools, lightli_ossuary_entry_decrepit_ruins,
          hangedman_decor_riveting, uniq_crazy_yiuf_cottage, uniq_menkaure
D:5:      layout_layer_cave, zin_scriptorium, grunt_ministairs_2,
          minmay_misc_feat_roman, nicolae_shop_overcharged_wands
D:6:      layout_basic, nzn_wu_jian_contemplation, hangedman_ru_absence,
          uniq_edmund
D:7:      layout_cave_pools, grunt_temple_overflow_opulence,
          lemuel_zombie_altar_kikubaaqudgha, temple_green, nrook_mini_vaults,
          nicolae_elevator_lobby_plus, uniq_duvessa, uniq_pikel
D:8:      layout_gridville, overflow_temple_1_default, lair_entry_dummy,
          minmay_radiant, uniq_psyche
D:9:      minmay_gate_of_8, layout_rooms, kennysheep_mini, orc_0_dummy
D:10:     minmay_the_grid_net [minmay_the_grid_spikes, minmay_the_grid_tree,
          minmay_the_grid_x, minmay_the_grid_dragon_a,
          minmay_the_grid_minigrid_medium, minmay_the_grid_prize_inner_circle],
          layout_basic, marbit_many_paths, mainiacjoe_overflow_tiny_flanked,
          patterned_corridor
Temple:   hellmonk_temple_divided_pantheon

Skill      XL: |  1  2  3  4  5  6  7  8  9 10 |
---------------+-------------------------------+-----
Short Blades   | 3 4 5 |  5.0
Stealth        | 7 |  7.0
Fighting       | 5 |  5.0
Spellcasting   | 2 3 4 5 |  5.0
Transmutations | 2 3 5 7 9 |  9.1
Conjurations   | 2 3 5 7 9 |  9.1
Hexes          | 1 |  1.9
Summonings     | 2 |  2.0
Evocations     | 1 |  1.4
Dodging        | |  2.0

Action                     |  1- 3 |  4- 6 |  7- 9 | 10-12 || total
---------------------------+-------+-------+-------+-------++-------
  Melee: Short sword       |     8 |    14 |       |       ||    22
         Constrict         |     2 |    26 |    68 |    12 ||   108
         Tentacles         |     1 |    32 |    70 |    12 ||   115
         Dagger            |       |    95 |   328 |    39 ||   462
         Punch             |       |       |     9 |     3 ||    12
   Cast: Irradiate         |       |       |     5 |    21 ||    26
  Evoke: Wand              |       |       |     6 |     3 ||     9
         Phantom mirror    |       |       |       |     1 ||     1
    Use: Scroll            |     1 |     1 |    18 |     4 ||    24
         Potion            |     1 |       |     4 |       ||     5
   Stab: Sleeping          |     1 |     7 |    46 |     3 ||    57
         Distracted        |       |       |     1 |     1 ||     2
 Armour: Skin              |       |    10 |    19 |     1 ||    30
  Dodge: Dodged            |    10 |    57 |   145 |    35 ||   247
  Block: Other             |       |       |    19 |    10 ||    29

Table legend: (Time is in decaauts)
 A = Elapsed time spent in this place.
 B = Non-inter-level travel time spent in this place.
 C = Inter-level travel time spent in this place.
 D = Time resting spent in this place.
 E = Time spent auto-exploring this place.
 F = Levels seen in this place.
 G = Mean time per level.
                   A        B        C        D        E       F      G
               +--------+--------+--------+--------+--------+-----+--------+
         Total |  10941 |  10358 |    583 |    526 |   7477 |  12 |  911.8 |
       Dungeon |  10250 |   9667 |    583 |    380 |   7144 |  10 | 1025.0 |
        Temple |     39 |     39 |      0 |      0 |      7 |   1 |   39.0 |
       Ossuary |    650 |    650 |      0 |    146 |    326 |   1 |  650.0 |
               +--------+--------+--------+--------+--------+-----+--------+

Top non-repeatable levels by time:
     D:5: 2229 daAuts
     D:7: 1395 daAuts
     D:3: 1256 daAuts
     D:6: 1164 daAuts
     D:2: 1065 daAuts
     D:8: 910 daAuts
     D:9: 873 daAuts
     D:4: 850 daAuts
 Ossuary: 650 daAuts
     D:1: 501 daAuts
  Temple: 39 daAuts
    D:10: 5 daAuts
